 Dungeon Crawl Stone Soup version 0.21-a0-225-g207ae17 (webtiles) character file.

351734 Moloch the Phalangite (level 21, -2/166 HPs)
             Began as a Mummy Fighter on Aug 29, 2017.
             Was a High Priest of Okawaru.
             Shot with a bolt by a yaktaur captain (5 damage)
             ... on level 1 of the Vaults.
             The game lasted 02:34:20 (57738 turns).

Moloch the Phalangite (Mummy Fighter)              Turns: 57738, Time: 02:34:20

Health: -2/166     AC: 29    Str: 22    XL:     21   Next: 30%
Magic:  25/25      EV: 18    Int: 19    God:    Okawaru [*****.]
Gold:   1552       SH:  5    Dex: 23    Spells: 14/25 levels left

rFire    + . .     SeeInvis +   E - +6 bardiche (distort)
rCold    + . .     Gourm    .   (shield currently unavailable)
rNeg     + + +     Faith    .   k - +8 fire dragon scales
rPois    ∞         Spirit   .   D - +2 hat {SInv}
rElec    +         Reflect  +   O - +1 cloak {MR+}
rCorr    .         Harm     .   e - +0 pair of gloves {Dex+3}
MR       ++++.                  H - +2 pair of boots {Fly}
Stlth    ..........             h - +5 amulet of reflection
HPRegen  0.37/turn              R - ring of Liberty {rPois rC+ MR+ Str+2 Int+8}
MPRegen  0.19/turn              m - ring of a Thousand Nights {rElec rN+ Int+3}

@: flying, studying 2 skills
A: no food or potions, fire vulnerability, cold resistance 1, negative energy
resistance 3, torment resistance, unbreathing, in touch with death 1
}: 2/15 runes: barnacled, gossamer
a: Heroism, Finesse, Renounce Religion, Stop Flying


You were on level 1 of the Vaults.
You worshipped Okawaru.
Okawaru was extremely pleased with you.
You were not hungry.

You visited 9 branches of the dungeon, and saw 38 of its levels.
You also visited: Desolation.

You collected 3906 gold pieces.
You spent 2354 gold pieces at shops.

Inventory:

Hand Weapons
 l - the +6 glaive of Capital Punishment {elec, rPois rC- Str+3 Dex+2}
   (Okawaru gifted it to you on level 1 of the Lair of Beasts)

   Occasionally, upon striking a foe, it will discharge some electrical energy
   and cause terrible harm.
   It affects your strength (+3).
   It affects your dexterity (+2).
   It makes you vulnerable to cold.
   It protects you from poison.
 q - the +8 trident of Hanimiz {pierce, Int-3 Dex+7}
   (You found it on level 1 of the Lair of Beasts)

   It inflicts extra damage upon your enemies.
   It affects your intelligence (-3).
   It affects your dexterity (+7).
 E - a +6 bardiche of distortion (weapon)
Missiles
 G - 6 throwing nets (quivered)
Armour
 c - a +0 shield
 e - a +0 pair of gloves of dexterity (worn)
 k - +8 fire dragon scales (worn)
 D - a +2 hat of see invisible (worn)
 H - a +2 pair of boots of flying (worn)
 N - the +2 pair of boots of the Assassin {Detection Stab+ Stlth++}
   (You acquired it on level 1 of the Vaults)

   It makes you much more stealthy.
 O - a +1 cloak of magic resistance (worn)
Jewellery
 h - a +5 amulet of reflection (around neck)
 m - the ring of a Thousand Nights (right hand) {rElec rN+ Int+3}
   (You found it on level 10 of the Dungeon)

   [ring of positive energy]

   It affects your intelligence (+3).
   It insulates you from electricity.
   It protects you from negative energy.
 y - a +2 ring of slaying
 F - an uncursed ring of ice
 M - the ring of Xom's Capriciousness {rF+ Int+3 SInv Stlth-}
   (You bought it in a shop on level 2 of the Orcish Mines)

   [ring of see invisible]

   It affects your intelligence (+3).
   It protects you from fire.
   It lets you see invisible.
   It makes you less stealthy.
 P - an uncursed ring of fire
 R - the ring of Liberty (left hand) {rPois rC+ MR+ Str+2 Int+8}
   (You found it on level 4 of the Shoals)

   [ring of poison resistance]

   It affects your strength (+2).
   It affects your intelligence (+8).
   It protects you from cold.
   It protects you from poison.
   It affects your resistance to hostile enchantments.
 U - the ring "Muntugaalu" {MR+++ Str+6 Int+6 Stlth-}
   (You found it in the Desolation of Salt)

   [ring of intelligence]

   It affects your strength (+6).
   It affects your intelligence (+6).
   It affects your resistance to hostile enchantments.
   It makes you less stealthy.
Wands
 d - a wand of acid (6/15)
 u - a wand of confusion (13/48)
 v - a wand of paralysis (5/24)
 w - a wand of confusion (7/48)
 z - a wand of paralysis (18/24)
 A - a wand of acid (6/15)
 K - a wand of disintegration (6/24)
 L - a wand of enslavement (16/24)
Scrolls
 a - 8 scrolls of identify
 b - a scroll of silence
 f - 4 scrolls of blinking
 g - 26 scrolls of remove curse
 i - 9 scrolls of immolation
 j - 6 scrolls of teleportation
 n - 5 scrolls of amnesia
 o - 5 scrolls of fear
 p - 2 scrolls of magic mapping
 r - 5 scrolls of fog
 t - 11 scrolls of recharging
 x - a scroll of summoning
 J - 3 scrolls of torment
Books
 I - a manual of Fighting
 T - a book of Party Tricks

   Spells                             Type                      Level
   a - Summon Butterflies             Summoning                    1
   b - Apportation                    Translocation                1
   c - Lesser Beckoning               Translocation                3
   d - Tukima's Dance                 Hexes                        3
   e - Alistair's Intoxication        Transmutation/Poison         5
   f - Invisibility                   Hexes                        6
 V - a manual of Charms
Miscellaneous
 s - a box of beasts
 B - a phial of floods
 C - a phantom mirror
 Q - a phial of floods
 S - a lightning rod (4/4)
 W - a fan of gales


   Skills:
 + Level 14.7 Fighting
 * Level 24.5 Polearms
 + Level 11.2 Armour
 * Level 9.9 Dodging
 - Level 2.4 Shields
 * Level 2.7 Spellcasting
 * Level 2.5 Charms
 - Level 5.4 Invocations


You had 14 spell levels left.
You knew the following spells:

 Your Spells              Type           Power        Failure   Level  Hunger
a - Apportation           Tloc           #.....       36%         1    N/A
b - Song of Slaying       Chrm           ##......     22%         2    N/A
c - Spectral Weapon       Hex/Chrm       #.......     56%         3    N/A
d - Silence               Hex/Air        #.........   100%        5    N/A

Dungeon Overview and Level Annotations

Branches:
Dungeon (15/15)            Temple (1/1) D:7            Lair (6/6) D:10
 Shoals (4/4) Lair:2       Spider (4/4) Lair:2        Slime (0/5) Lair:6
    Orc (2/2) D:10            Elf (3/3) Orc:2        Vaults (1/5) D:13
 Depths (2/5) D:15

Altars:
Ashenzari
Cheibriados
Dithmenos
Elyvilon
Fedhas
Gozag
Hepliaklqana
Kikubaaqudgha
Makhleb
Nemelex Xobeh
Okawaru
Qazlal
Ru
Sif Muna
Trog
Uskayaw
Vehumet
Wu Jian
Xom
Yredelemnul
Zin
The Shining One
Jiyva

Shops:
D:15 :   Orc:2 :**=   Elf:1 *   Shoals:2 :   Vaults:1 }

Portals:
Hell: Depths:1
Abyss: Depths:1
Pandemonium: Depths:1
Trove: Elf:1 (give +5 demon blade)

Annotations:
D:12 8 runed doors
D:14 exclusion: Roxanne, Roxanne
D:15 Gorglomux's ghost, journeyman FeMo
Abyss:1 Polyphemus


Innate Abilities, Weirdness & Mutations

You do not eat or drink.
Your flesh is vulnerable to fire.
You are immune to poison.
Your flesh is cold resistant. (rC+)
You are immune to negative energy. (rN+++)
You are immune to unholy pain and torment.
You can survive without breathing.
You are in touch with the powers of death.


Message History

Press: ? - help, Dir - move target cursor, f/p - orc sorcerer
Aim: an orc sorcerer, wielding a dagger and wearing a robe (heavily wounded)
You reach to attack!
You closely miss the orc sorcerer.
The orc sorcerer is heavily wounded.
Attack whom?
Press: ? - help, Dir - move target cursor, f/p - orc sorcerer
Aim: an orc sorcerer, wielding a dagger and wearing a robe (heavily wounded)
You slice the orc sorcerer!!
You kill the orc sorcerer!
Okawaru accepts your kill.
There is an open door here.
You reach down and close the door.
You start resting. 2 yaktaurs and a yaktaur captain come into view.
The yaktaur captain shouts!
You hear a shout! x2
The yaktaur captain wields a runed arbalest.
It is covered in frost.
The yaktaur captain shoots a bolt.
The bolt hits you!!
* * * LOW HITPOINT WARNING * * *
The bolt freezes you.
You die...

......................=.#**,,,***
)...................c...# *,,,*
)..(.....)..............# ***+***
........................# *,,,,,,
)................c......# *,,,,,,
#)###############c######* *,,,,,,
.)(......# #.......# *,,,,,,
..)......# #.......# *,,,,,,
.........# #....@..# *,,,,,,
.........# #.......# *,,,,,,
.(.......# #.......# *,,,,,,
.........# #.......# *,,,,,,
.§.......# #.......# *,,,,,,
)###########.......# *,,,,,,
)#.....#..##.......# *******
...#......##.......#
..........#*********


You could see a yaktaur captain and 2 yaktaurs.

Vanquished Creatures
  Saint Roka (Orc:2)
  Jorgrun (Spider:3)
  A lich (Depths:2)
  4 deep elf blademasters
  3 deep elf master archers (Elf:3)
  An acid blob (Lair:6)
  Gastronok (Lair:3)
  A kraken (Shoals:1)
  A sphinx (Vaults:1)
  Agnes (D:15)
  Kirke (D:15)
  Donald (Orc:2)
  A vault warden (Vaults:1)
  A fire giant (D:15)
  4 deep elf sorcerers
  An imperial myrmidon (Desolation)
  An emperor scorpion (Spider:4)
  An orc warlord (Vaults:1)
  3 ghost moths (Spider:4)
  5 deep elf elementalists (Elf:3)
  2 stone giants (Depths:2)
  A very ugly thing (Vaults:1)
  4 deep elf demonologists (Elf:3)
  Nessos (D:12)
  3 halazid warlocks (Desolation)
  A lorocyproca (Depths:2)
  8 deep elf annihilators
  3 spark wasps
  Azrael (D:11)
  Snorg (Lair:3)
  An ettin (D:15)
  4 merfolk javelineers (Shoals:4)
  A crystal guardian (Desolation)
  3 deep elf death magi
  6 merfolk impalers
  4 ogre magi
  A fire dragon (Depths:1)
  The ghost of dreamer the Grappler, a journeyman TrMo of Hepliaklqana (Lair:2)
  Fannar (Lair:2)
  8 deep elf high priests
  6 ragged hierophants (Desolation)
  Josephine (D:12)
  6 vault guards (Vaults:1)
  4 servants of whispers (Desolation)
  5 hydras
  2 yaktaur captains (Vaults:1)
  An ice dragon (Depths:2)
  A rakshasa (Depths:1)
  5 centaur warriors
  3 catoblepae
  5 peacekeepers (Desolation)
  5 merfolk aquamancers
  14 death yaks
  2 satyrs
  A death knight (D:13)
  2 merfolk avatars (Shoals:4)
  22 two-headed ogres
  A tengu warrior (Depths:2)
  A hell hog (Depths:1)
  29 dancing weapons
  4 orc high priests
  2 deep troll shamans
  The ghost of kal9871 the Tainter, a novice FoVM (D:8)
  4 hell knights (Depths:1)
  2 salamander mystics (Depths:1)
  19 deep elf knights
  15 skeletal warriors
  The ghost of p0werm0de the Covert, a novice OpCj of Qazlal (D:10)
  A sea snake (shapeshifter) (Depths:2)
  An unseen horror (shapeshifter) (Depths:1)
  A deep troll (D:13)
  7 sea snakes
  4 unseen horrors
  2 wizards (Vaults:1)
  3 flayed ghosts
  22 harpies
  6 deep elf archers
  A lindwurm (Lair:6)
  A phantasmal warrior (Vaults:1)
  Pikel (D:8)
  A kraken simulacrum (Shoals:4)
  9 orc knights
  23 ugly things
  A necromancer (Depths:1)
  6 ironbrand convokers
  7 orc sorcerers
  55 deep elf magi
  4 cyclopes
  12 orb spiders
  6 salamanders (Depths:1)
  27 wolf spiders
  14 manticores
  13 fauns
  9 merfolk sirens
  8 black mambas
  A moth of wrath (Spider:3)
  2 centaur zombies
  15 elephants
  2 molten gargoyles (Desolation)
  Psyche (D:8)
  Maurice (Orc:1)
  4 gargoyles
  4 guardian serpents (Desolation)
  9 spiny frogs
  4 water nymphs
  4 kobold demonologists
  8 demonic crawlers
  2 freezing wraiths (D:13)
  5 komodo dragons
  An efreet (D:9)
  7 rime drakes
  13 yaktaurs
  3 tengu conjurers
  2 polar bears (Lair:4)
  13 trolls
  A wind drake (Shoals:2)
  32 jumping spiders
  46 saltlings (Desolation)
  The ghost of tof the Twirler, an amateur DsGl (D:3)
  18 merfolk
  7 dream sheep
  4 hornets
  17 blink frogs
  7 slime creatures
  17 hippogriffs
  3 snapping turtles
  84 redbacks
  6 air elementals
  2 shadows
  11 wyverns
  A spriggan (D:8)
  A vampire (D:11)
  A yak (shapeshifter) (Elf:3)
  33 yaks
  5 basilisks
  27 tarantellas
  21 water elementals
  3 wraiths (D:12)
  5 hogs (D:15)
  A human (shapeshifter) (Vaults:1)
  Grum (D:11)
  9 fire elementals
  A steam dragon (D:12)
  5 hungry ghosts
  11 vampire mosquitoes
  Edmund (D:5)
  4 wargs
  6 swamp worms (Lair:4)
  6 water moccasins
  2 acid dragons
  A floating eye (shapeshifter) (Depths:1)
  13 hell hounds
  2 porcupines
  31 orc warriors
  4 slaves (D:8)
  7 sky beasts
  A hornet zombie (D:7)
  19 ogres
  A phantom (D:4)
  2 black bears
  5 ice beasts
  13 wolves
  15 centaurs
  A necrophage (D:6)
  11 crocodiles
  18 bullfrogs
  6 big kobolds
  A wyvern zombie (D:12)
  A gnoll sergeant (D:11)
  3 scorpions
  2 wyvern skeletons
  3 wights (D:6)
  6 killer bees
  4 electric eels
  7 crimson imps
  2 bullfrog zombies
  25 orc priests
  7 hounds
  12 jellies
  A bullfrog skeleton (D:9)
  An iron imp (D:9)
  28 orc wizards
  3 centaur skeletons
  Terence (D:3)
  8 iguanas
  11 worker ants
  2 hound skeletons
  16 adders
  10 gnolls
  6 shadow imps
  10 oozes (Lair:4)
  2 adder skeletons
  17 worms
  3 dart slugs
  11 leopard geckos
  86 orcs
  3 ball pythons
  6 bats
  5 giant cockroaches
  7 goblins
  7 hobgoblins
  11 jackals
  2 quokkas
  9 frilled lizards
  12 kobolds
  4 rats
  4 crawling corpses (Elf:3)
  A fire vortex (Depths:1)
  2 plants
  4 tentacles
1515 creatures vanquished.

Vanquished Creatures (others)
  A kraken (Shoals:1)
  A storm dragon (Vaults:1)
  An imperial myrmidon (Desolation)
  A stone giant (Vaults:1)
  A deep elf elementalist (Elf:3)
  2 deep elf demonologists
  A deep elf annihilator (Elf:3)
  A spark wasp (Spider:4)
  A merfolk javelineer (Shoals:3)
  A deep elf death mage (Elf:3)
  2 servants of whispers (Desolation)
  2 ragged hierophants (Desolation)
  A great orb of eyes (Vaults:1)
  A peacekeeper (Desolation)
  A centaur warrior (Depths:2)
  A merfolk aquamancer (Shoals:4)
  3 deep elf knights (Elf:1)
  3 deep elf archers
  4 orb spiders
  3 harpies (Shoals:2)
  4 wolf spiders
  2 deep elf magi
  A slime creature (Vaults:1)
  2 cyclopes (D:14)
  A faun (Shoals:2)
  2 vault sentinels (Vaults:1)
  2 yaktaurs (Vaults:1)
  2 demonic crawlers
  A troll (D:12)
  6 jumping spiders
  3 merfolk
  2 hornets (Spider:4)
  A hippogriff (Shoals:1)
  A snapping turtle (Shoals:4)
  A dream sheep (Shoals:4)
  A human simulacrum (Vaults:1)
  4 redbacks
  2 tarantellas (Spider:3)
  3 water elementals
  2 humans (D:15)
  A swamp worm (shapeshifter) (Elf:2)
  7 centaurs
  An orc (D:11)
  A kobold (D:15)
  21 fungi
  23 plants
  34 tentacles
163 creatures vanquished.

Grand Total: 1678 creatures vanquished

Notes
Turn   | Place    | Note
-------+----------+-------------------------------------------
     0 | D:1      | Moloch the Mummy Fighter began the quest for the Orb.
     0 | D:1      | Reached XP level 1. HP: 18/18 MP: 1/1
   255 | D:1      | Reached XP level 2. HP: 24/24 MP: 2/2
   678 | D:2      | Reached XP level 3. HP: 20/30 MP: 3/3
  1870 | D:3      | Reached XP level 4. HP: 37/38 MP: 4/4
  1890 | D:3      | Reached skill level 5 in Fighting
  2027 | D:3      | Noticed tof's ghost (amateur DsGl)
  2080 | D:3      | Killed tof's ghost
  2080 | D:3      | Reached XP level 5. HP: 10/47 MP: 5/5
  2080 | D:3      | Reached XP level 6. HP: 12/53 MP: 6/6
  2373 | D:3      | Found a glowing silver altar of Zin.
  2398 | D:3      | Noticed Terence
  2417 | D:3      | Killed Terence
  3314 | D:4      | Found an opulent altar of Gozag.
  3406 | D:4      | Reached XP level 7. HP: 63/63 MP: 7/7
  3535 | D:4      | Reached skill level 2 in Polearms
  3975 | D:5      | Entered Level 5 of the Dungeon
  4166 | D:5      | Noticed a two-headed ogre
  4299 | D:5      | Reached skill level 3 in Polearms
  4440 | D:5      | Noticed Edmund
  4459 | D:5      | Killed Edmund
  4459 | D:5      | Reached XP level 8. HP: 59/71 MP: 8/8
  4502 | D:5      | Reached skill level 4 in Polearms
  4803 | D:5      | Found a stormy altar of Qazlal.
  5478 | D:6      | Reached skill level 5 in Polearms
  5621 | D:6      | Found a radiant altar of Vehumet.
  6162 | D:7      | Reached skill level 6 in Polearms
  6397 | D:7      | Found a staircase to the Ecumenical Temple.
  6400 | D:7      | Noticed a hippogriff
  6405 | Temple   | Entered the Ecumenical Temple
  6514 | Temple   | Became a worshipper of Ru the Awakened
  6532 | D:7      | Killed a hippogriff
  6532 | D:7      | Reached skill level 7 in Polearms
  6532 | D:7      | Reached XP level 9. HP: 53/76 MP: 9/9
  7437 | D:8      | Noticed Psyche
  7450 | D:8      | Killed Psyche
  7450 | D:8      | Reached skill level 8 in Polearms
  7562 | D:8      | Learned a level 1 spell: Apportation
  7617 | D:8      | Found an iron altar of Okawaru.
  7758 | D:8      | Noticed Pikel
  7786 | D:8      | Fell from the grace of Ru
  7786 | D:8      | Became a worshipper of Warmaster Okawaru
  7794 | D:8      | Killed Pikel
  7794 | D:8      | Reached skill level 1 in Invocations
  7871 | D:8      | Noticed kal9871's ghost (novice FoVM)
  7981 | D:8      | Killed kal9871's ghost
  7981 | D:8      | Reached skill level 9 in Polearms
  7981 | D:8      | Reached XP level 10. HP: 65/83 MP: 9/11
  8036 | D:8      | Found a blossoming altar of Fedhas.
  8557 | D:9      | Reached * piety under Okawaru
  8604 | D:9      | Noticed a two-headed ogre
  8812 | D:9      | Noticed a two-headed ogre
  8821 | D:9      | Killed a two-headed ogre
  8821 | D:9      | Reached skill level 10 in Polearms
  8960 | D:9      | Killed an unseen horror
  8960 | D:9      | Reached ** piety under Okawaru
  8991 | D:9      | Noticed a two-headed ogre
  9004 | D:9      | Killed a two-headed ogre
  9166 | D:9      | Reached skill level 10 in Fighting
  9227 | D:9      | Killed a two-headed ogre
  9227 | D:9      | Reached *** piety under Okawaru
  9227 | D:9      | Reached skill level 11 in Polearms
  9520 | D:9      | Identified the Volume of the Thirsty Nights
  9527 | D:9      | Learned a level 2 spell: Song of Slaying
  9531 | D:9      | Learned a level 3 spell: Spectral Weapon
  9667 | D:9      | Reached XP level 11. HP: 69/91 MP: 13/13
  9684 | D:9      | Reached **** piety under Okawaru
  9920 | D:9      | Found a snail-covered altar of Cheibriados.
 10192 | D:10     | Entered Level 10 of the Dungeon
 10219 | D:10     | Noticed p0werm0de's ghost (novice OpCj)
 10379 | D:10     | Found a staircase to the Lair.
 10652 | D:10     | Got a brightly glowing wooden ring
 10654 | D:10     | Identified the ring of a Thousand Nights {rElec rN+ Int+3} (You found it on level 10 of the Dungeon)
 10675 | D:10     | Found a staircase to the Orcish Mines.
 10688 | D:10     | Reached skill level 12 in Polearms
 11388 | D:10     | Killed p0werm0de's ghost
 11388 | D:10     | Reached ***** piety under Okawaru
 11413 | D:10     | Noticed a two-headed ogre
 11432 | D:10     | Killed a two-headed ogre
 11579 | D:10     | Killed an unseen horror
 11618 | Lair:1   | Entered Level 1 of the Lair of Beasts
 11920 | Lair:1   | Got a sapphire trident
 11921 | Lair:1   | Identified the +8 trident of Hanimiz {pierce, Int-3 Dex+7} (You found it on level 1 of the Lair of Beasts)
 12032 | Lair:1   | Received a gift from Okawaru
 12035 | Lair:1   | Got a polished glaive {god gift}
 12041 | Lair:1   | Identified the +6 glaive of Capital Punishment {elec, rPois rC- Str+3 Dex+2} (Okawaru gifted it to you on level 1 of the Lair of Beasts)
 12111 | Lair:1   | Reached skill level 13 in Polearms
 12759 | Lair:2   | Reached XP level 12. HP: 99/100 MP: 12/14
 12787 | Lair:2   | Found a hole to the Spider Nest.
 12928 | Lair:2   | Noticed dreamer's ghost (journeyman TrMo)
 12951 | Lair:2   | Killed dreamer's ghost
 13003 | Lair:2   | Found a staircase to the Shoals.
 13129 | Lair:2   | Noticed Fannar
 13154 | Lair:2   | Killed Fannar
 13433 | Lair:3   | Noticed Gastronok
 13451 | Lair:3   | Killed Gastronok
 14045 | Lair:3   | Noticed Snorg
 14070 | Lair:3   | Killed Snorg
 14077 | Lair:3   | Reached skill level 14 in Polearms
 14234 | Lair:3   | Reached ****** piety under Okawaru
 14555 | Lair:4   | Received a gift from Okawaru
 14802 | Lair:4   | Identified 2 scrolls of acquirement
 15618 | Lair:4   | Found the +0 sword of Power
 15994 | Lair:5   | Reached skill level 5 in Invocations
 15994 | Lair:5   | Gained mutation: You are in touch with the powers of death. [Mummy growth]
 15994 | Lair:5   | Reached XP level 13. HP: 102/107 MP: 16/16
 16312 | Lair:5   | Received a gift from Okawaru
 16531 | Lair:4   | Reached skill level 5 in Armour
 16956 | Lair:5   | Reached skill level 1 in Dodging
 17669 | Lair:6   | Entered Level 6 of the Lair of Beasts
 17800 | Lair:6   | Reached skill level 15 in Polearms
 17808 | Lair:6   | Found a staircase to the Slime Pits.
 17808 | Lair:6   | Found a viscous altar of Jiyva.
 17869 | Lair:6   | Received a gift from Okawaru
 18530 | Lair:6   | Reached XP level 14. HP: 116/116 MP: 18/18
 19487 | Lair:6   | Noticed an acid blob
 19499 | Lair:6   | Killed an acid blob
 19499 | Lair:6   | Received a gift from Okawaru
 19499 | Lair:6   | Reached skill level 16 in Polearms
 20238 | Orc:1    | Entered Level 1 of the Orcish Mines
 20408 | Orc:1    | Noticed Maurice
 20414 | Orc:1    | Killed Maurice
 20747 | Orc:2    | Entered Level 2 of the Orcish Mines
 20747 | Orc:2    | Noticed Saint Roka
 21380 | Orc:2    | Killed Saint Roka
 21470 | Orc:2    | Found a staircase to the Elven Halls.
 21775 | Orc:2    | Noticed Donald
 21813 | Orc:2    | Killed Donald
 21813 | Orc:2    | Reached skill level 17 in Polearms
 22586 | Orc:2    | Reached XP level 15. HP: 104/123 MP: 19/19
 22735 | Orc:2    | Found Esaschush's Jewellery Boutique.
 22735 | Orc:2    | Found Caibrash's Assorted Antiques.
 22738 | Orc:2    | Found Kuqypt's Assorted Antiques.
 22738 | Orc:2    | Found Ceasm's Book Shoppe.
 22746 | Orc:2    | Bought a scroll labeled VIGGAE UNOMN for 22 gold pieces
 22746 | Orc:2    | Bought a scroll of enchant weapon for 165 gold pieces
 22755 | Orc:2    | Bought the ring of Xom's Capriciousness {rF+ Int+3 SInv Stlth-} for 440 gold pieces
 23314 | D:11     | Noticed Grum
 23324 | D:11     | Killed Grum
 23795 | D:12     | Noticed Azrael
 24118 | D:11     | Killed Azrael
 24446 | D:12     | Noticed Nessos
 24457 | D:12     | Killed Nessos
 24692 | D:12     | Found a large runed door.
 24719 | D:12     | Found a large runed door.
 24757 | D:12     | Found a large runed door.
 24760 | D:12     | Noticed a storm dragon
 24761 | D:12     | Found a large runed door.
 24765 | D:12     | Found a large runed door.
 24821 | D:12     | Received a gift from Okawaru
 24826 | D:12     | Noticed Josephine
 24835 | D:12     | Killed Josephine
 24930 | D:12     | Found a large runed door.
 25026 | D:12     | Reached skill level 18 in Polearms
 25072 | D:12     | Found a large runed door.
 25076 | D:12     | Found a large runed door.
 25327 | D:13     | Received a gift from Okawaru
 26145 | D:13     | Found a gate to the Vaults.
 26993 | D:14     | Noticed Roxanne
 27370 | D:15     | Entered Level 15 of the Dungeon
 27416 | D:15     | Noticed Agnes
 27432 | D:15     | Killed Agnes
 27440 | D:15     | Found a staircase to the Depths.
 27490 | D:15     | Noticed Kirke
 27505 | D:15     | Killed Kirke
 27505 | D:15     | Reached XP level 16. HP: 127/130 MP: 18/20
 28152 | D:15     | Noticed Gorglomux's ghost (journeyman FeMo)
 28158 | D:15     | Received a gift from Okawaru
 28564 | D:15     | Found Musi's Book Shoppe.
 28844 | D:15     | Reached skill level 19 in Polearms
 28931 | D:15     | Got a steaming helmet {god gift}
 28957 | D:15     | Identified the +0 helmet "Lacawupe" {+Inv Stlth+} (Okawaru gifted it to you on level 15 of the Dungeon)
 29378 | Depths:1 | Entered Level 1 of the Depths
 29642 | Depths:1 | Found a one-way gate to the infinite horrors of the Abyss.
 29766 | Depths:1 | Found a one-way gate leading to the halls of Pandemonium.
 29805 | Depths:1 | Found a gateway to Hell.
 30705 | Depths:1 | Received a gift from Okawaru
 30708 | Depths:1 | Reached skill level 5 in Dodging
 31631 | Depths:2 | Found a shattered altar of Ashenzari.
 31724 | Depths:2 | Noticed a lich
 31738 | Depths:2 | Killed a lich
 32318 | Depths:2 | Reached XP level 17. HP: 49/136 MP: 14/21
 32765 | Depths:2 | Found an ornate altar of the Wu Jian Council.
 32933 | Depths:1 | Got a smoking plate armour
 32944 | Depths:1 | Identified the +1 plate armour of the Furies {MR+ Regen+} (You acquired it on level 1 of the Depths)
 33252 | Spider:1 | Entered Level 1 of the Spider Nest
 34414 | Spider:1 | Reached skill level 20 in Polearms
 34954 | Spider:2 | Received a gift from Okawaru
 35613 | Spider:3 | Reached skill level 10 in Armour
 37017 | Spider:4 | Entered Level 4 of the Spider Nest
 37380 | Spider:4 | Noticed Jorgrun
 37495 | Spider:3 | Killed Jorgrun
 39065 | Spider:4 | Received a gift from Okawaru
 39507 | Spider:4 | Reached XP level 18. HP: 139/143 MP: 0/22
 39662 | Spider:4 | Reached skill level 21 in Polearms
 39755 | Spider:4 | Got a gossamer rune of Zot
 40311 | Elf:1    | Entered Level 1 of the Elven Halls
 40885 | Elf:1    | Found Ikkisaha's Assorted Antiques.
 40893 | Elf:1    | Bought a scroll of teleportation for 96 gold pieces
 41021 | Elf:1    | Noticed a Hell Sentinel
 41045 | Elf:1    | Found a portal to a secret trove of treasure.
 42534 | Elf:2    | Received a gift from Okawaru
 42540 | Elf:2    | Identified the +7 halberd "Umihaq" {chop, *Slow rPois Str+3 Int+5 SInv} (Okawaru gifted it to you on level 2 of the Elven Halls)
 42604 | Elf:2    | Learned a level 5 spell: Silence
 42654 | Elf:2    | Found a runed gate.
 42654 | Elf:2    | Found a runed gate.
 42755 | Elf:2    | Found a runed gate.
 44336 | Elf:2    | Reached skill level 22 in Polearms
 44337 | Elf:2    | Received a gift from Okawaru
 44345 | Elf:2    | Identified the +0 halberd of the Four Allies {speed, rElec rPois rC+ Int-2} (Okawaru gifted it to you on level 2 of the Elven Halls)
 44974 | Elf:3    | Entered Level 3 of the Elven Halls
 45592 | Elf:3    | Reached XP level 19. HP: 149/149 MP: 23/23
 45601 | Elf:3    | Noticed a Tzitzimitl
 47898 | Elf:3    | Received a gift from Okawaru
 47992 | Elf:3    | Reached skill level 23 in Polearms
 47998 | Elf:3    | Got a translucent pewter ring
 48012 | Elf:3    | Identified the ring "Xyusiym" {+Blink Stlth-} (You took it off a deep elf high priest on level 3 of the Elven Halls)
 48652 | Elf:3    | Got a slimy sapphire amulet
 48653 | Elf:3    | Identified the amulet "Kynymm" {Inacc Int+3} (You found it on level 3 of the Elven Halls)
 48835 | Orc:2    | Bought a scroll of enchant armour for 307 gold pieces
 48989 | Shoals:1 | Entered Level 1 of the Shoals
 50193 | Shoals:2 | Noticed Polyphemus
 50273 | Shoals:2 | Banished Polyphemus
 51017 | Shoals:2 | Found Goesisox's Book Shoppe.
 51234 | Shoals:2 | Reached XP level 20. HP: 156/156 MP: 24/24
 51312 | Shoals:2 | Bought a manual of Fighting for 1324 gold pieces
 52705 | Shoals:4 | Entered Level 4 of the Shoals
 52969 | Shoals:4 | Found the +4 robe of Augmentation {Str+4 Int+4 Dex+4}
 53094 | Shoals:4 | Received a gift from Okawaru
 53099 | Shoals:4 | Identified the +1 ring mail of Poarphecs {rF+ Regen+} (Okawaru gifted it to you on level 4 of the Shoals)
 53143 | Shoals:4 | Got a wavering pewter ring
 53145 | Shoals:4 | Identified the ring of Liberty {rPois rC+ MR+ Str+2 Int+8} (You found it on level 4 of the Shoals)
 54148 | Shoals:4 | Got a barnacled rune of Zot
 54795 | Vaults:1 | Entered Level 1 of the Vaults
 54797 | Vaults:1 | Found the +2 pair of boots of the Assassin {Detection Stab+ Stlth++}
 54860 | Vaults:1 | Found a ruined gateway.
 54902 | Desolati | Entered the Desolation of Salt
 55120 | Desolati | Reached skill level 24 in Polearms
 55290 | Desolati | Got a crude iron ring
 55292 | Desolati | Identified the ring "Muntugaalu" {MR+++ Str+6 Int+6 Stlth-} (You found it in the Desolation of Salt)
 55307 | Desolati | Got a crude bone amulet
 55308 | Desolati | Identified the amulet "Rutum" {Inacc rPois rC+ Int+2} (You found it in the Desolation of Salt)
 55878 | Desolati | Got a scintillating ruby amulet
 55879 | Desolati | Identified the amulet of Waromatumn {Inacc *Drain rC- Int+10} (You found it in the Desolation of Salt)
 55904 | Desolati | Got a faintly glowing lead ring
 55905 | Desolati | Identified the ring of Peckazod {+Inv +Fly MR+ Stlth-} (You found it in the Desolation of Salt)
 55974 | Desolati | Identified the Papyrus of Summoning
 56343 | Vaults:1 | Reached skill level 1 in Spellcasting
 56444 | Vaults:1 | Reached XP level 21. HP: 100/165 MP: 25/25
 56680 | Vaults:1 | Reached skill level 1 in Charms
 56718 | Vaults:1 | Found Qitauff's Gadget Boutique.
 57262 | Vaults:1 | Received a gift from Okawaru
 57663 | Vaults:1 | HP: 7/166 [orc wizard/magic dart[an orc knight] (8)]
 57738 | Vaults:1 | HP: 3/166 [yaktaur captain/bolt (31)]
 57738 | Vaults:1 | Shot with a bolt by a yaktaur captain

Vault maps used:
D:1:      lemuel_arrival_behind_the_door_small
D:2:      serial_glass, glass_columns_c, glass_columns_a, glass_columns_b,
          glass_columns_b, glass_columns_a, item_on_display_a,
          item_on_display_a, item_on_display_a, minmay_misc_feat_chi,
          kennysheep_small_spiral, nrook_loot_triangle
D:3:      zin_scriptorium, uniq_terence
D:4:      marbit_many_paths
D:5:      basic_altar, first_bread, uniq_edmund
D:6:      vehumet_altar_wand_db
D:7:      minmay_temple_entry_statues_fountains, minmay_bent
D:8:      minitemple, the_bakery, uniq_psyche, uniq_pikel
D:9:      minmay_the_grid_square_5x5_3x3, slow_altar_2
D:10:     lair_entry_dummy, erik_orc_3, hangedman_decor_peaks_small
D:11:     uniq_grum
D:12:     minmay_five_octagons, minmay_misc_feat_secret_circle, nooodl_food_tri,
          uniq_nessos, uniq_josephine, uniq_azrael
D:13:     david_vaults_4
D:14:     minivault_25, minmay_hedge_maze, feat_on_display, uniq_roxanne
D:15:     grunt_enter_depths_giant_problem, kennysheep_crisscross, serial_shops,
          shop, uniq_kirke, uniq_agnes
Temple:   eino_temple_scatter_basement
Lair:2:   elwin_shoals_entry_rocks, nicolae_spider_entry_tight_spaces,
          serial_bayou_shore_b, uniq_fannar
Lair:3:   uniq_snorg, uniq_gastronok
Lair:4:   lemuel_slime, worms_lemuel
Lair:5:   beast_lair_carwin_5
Lair:6:   grunt_lair_end_beastmaster, slime_altar_1,
          nicolae_quartered_pool_medium, columned_hall_lemuel,
          grunt_megastairs_2, lemuel_fruit_tree, lemuel_fruit_fields
Shoals:2: serial_shops, nicolae_shop_trees, uniq_polyphemus
Shoals:4: shoals_end_grunt_ice, shoals_ilsuiw_alternative,
          nicolae_shoals_cliffside_cave
Spider:3: nicolae_spider_mines_1
Spider:4: spider_rune_water, uniq_jorgrun
Orc:1:    uniq_maurice
Orc:2:    grunt_orc_tribal_feast, uniq_saint_roka, uniq_donald
Elf:1:    minmay_elf_arrival_circle, serial_shops, shop,
          nicolae_trove_entry_crossroad, kennysheep_underground_church
Elf:2:    minmay_misc_feat_ornament, basic_stair_grate_trap
Elf:3:    nooodl_elf_gasket, evilmike_surprise_oklob
Vaults:1: st_greater_box_2, vaults_room_corners, vaults_room_large_hall,
          v_misc_1, hangedman_vaults_trim, vaults_standard_mumra_x,
          serial_shops, shop, portal_desolation_entry_ruin
Depths:1: abyss_entry, minivault_14, pan_entry, grunt_hell_horde,
          minmay_metal_thing
Depths:2: cheibrodos_birdhouse, enter_ziggurat_a, lemuel_statue_altar,
          pf_dread_powers_of_hell, st_stairs_11, nicolae_ashenzari_panopticon

Skill      XL: |  1  2  3  4  5  6  7  8  9 10 11 12 13 14 15 16 17 18 19 20 21 |
---------------+----------------------------------------------------------------+-----
Fighting       | 4 6 8 9 10 11 12 13 14 | 14.7
Polearms       | 3 7 9 11 13 14 15 17 18 19 20 22 23 24 | 24.5
Invocations    | 1 3 5 |  5.4
Armour         | 4 6 7 9 10 11 | 11.2
Dodging        | 1 2 3 5 6 7 8 9 |  9.9
Spellcasting   | 1 2 |  2.7
Charms         | 2 |  2.5
Shields        | |  2.4

Action                   |  1- 3 |  4- 6 |  7- 9 | 10-12 | 13-15 | 16-18 | 19-21 || total
-------------------------+-------+-------+-------+-------+-------+-------+-------++-------
Melee: Trident           |   171 |   117 |   475 |   951 |  1796 |   819 |       ||  4329
       Bardiche          |       |       |       |       |       |  1295 |  1429 ||  2724
Invok: Heroism           |       |       |       |     9 |    14 |    31 |    24 ||    78
       Finesse           |       |       |       |     1 |     6 |     3 |     4 ||    14
Evoke: Wand              |       |       |     3 |    19 |     4 |     1 |     3 ||    30
       Phial of floods   |       |       |       |       |     1 |       |       ||     1
  Use: Scroll            |       |       |     5 |    12 |     3 |    31 |    18 ||    69
 Stab: Confused          |       |       |       |     4 |       |       |       ||     4
       Distracted        |       |       |       |       |       |     3 |     2 ||     5
       Held in net/web   |       |       |       |       |       |     1 |       ||     1
Armor: Scale mail        |    47 |     7 |   115 |    34 |       |       |       ||   203
       Chain mail        |    15 |    25 |       |   191 |     9 |       |       ||   240
       Plate armour      |       |       |       |       |   463 |   178 |       ||   641
       Fire dragon scale |       |       |       |       |       |   602 |   430 ||  1032
Dodge: Dodged            |    32 |    19 |    54 |    80 |   151 |   831 |   657 ||  1824
Block: Shield            |    80 |    62 |   239 |   366 |   785 |   372 |       ||  1904
       Reflection        |     2 |       |     2 |    17 |    31 |    50 |    45 ||   147
       Other             |       |       |       |       |       |   239 |   187 ||   426

Table legend:
 A = Spawn XP
 B = Non-spawn XP
 C = Spawn XP percentage of total XP
 D = Spawn monster count
 E = Non-spawn monster count
 F = Spawn count percentage of total count
 G = Total turns spent on level
                    A         B        C        D         E        F      G
               +---------+---------+-------+---------+---------+-------+---------
         Total |   77751 |  544085 |  12.5 |     223 |    1367 |  14.0 | 57738
               +---------+---------+-------+---------+---------+-------+---------
           D:1 |       0 |      29 |   0.0 |       0 |      16 |   0.0 |   669
           D:2 |      14 |      48 |  22.6 |       2 |      18 |  10.0 |  1145
           D:3 |      11 |     353 |   3.0 |       4 |      12 |  25.0 |   939
           D:4 |      76 |     583 |  11.5 |       4 |      16 |  20.0 |  1242
           D:5 |       1 |     652 |   0.2 |       1 |      18 |   5.3 |   985
           D:6 |     175 |     366 |  32.3 |       8 |      14 |  36.4 |  1123
           D:7 |     286 |     979 |  22.6 |       3 |      12 |  20.0 |  1167
           D:8 |     145 |    2337 |   5.8 |       2 |       8 |  20.0 |  1213
           D:9 |    1710 |    5180 |  24.8 |      11 |      28 |  28.2 |  1766
          D:10 |    2100 |    3179 |  39.8 |       8 |      40 |  16.7 |  1366
          D:11 |     169 |    7835 |   2.1 |       4 |      43 |   8.5 |  1511
          D:12 |    1166 |   12261 |   8.7 |       3 |      48 |   5.9 |   948
          D:13 |    2365 |    9540 |  19.9 |       6 |      40 |  13.0 |  1424
          D:14 |     459 |    6253 |   6.8 |       1 |      29 |   3.3 |  1173
          D:15 |       0 |   36075 |   0.0 |       0 |      68 |   0.0 |  1897
        Lair:1 |     611 |    2116 |  22.4 |       3 |      12 |  20.0 |  1088
        Lair:2 |     365 |    4993 |   6.8 |       3 |      15 |  16.7 |  1070
        Lair:3 |     567 |    6268 |   8.3 |       3 |      14 |  17.6 |  1053
        Lair:4 |     157 |    6005 |   2.5 |       1 |      55 |   1.8 |  1838
        Lair:5 |     304 |   14784 |   2.0 |       2 |      51 |   3.8 |  1585
        Lair:6 |    6199 |   22989 |  21.2 |      12 |      55 |  17.9 |  2327
      Shoals:1 |    3531 |    9559 |  27.0 |       7 |      15 |  31.8 |  1723
      Shoals:2 |    3334 |   20431 |  14.0 |       6 |      37 |  14.0 |  1313
      Shoals:3 |    1517 |    5573 |  21.4 |       2 |      13 |  13.3 |   877
      Shoals:4 |    1134 |   38199 |   2.9 |       4 |      69 |   5.5 |  1703
      Spider:1 |    5550 |   11833 |  31.9 |      13 |      42 |  23.6 |  1516
      Spider:2 |    1870 |    7822 |  19.3 |       7 |      28 |  20.0 |   873
      Spider:3 |    1869 |   19205 |   8.9 |       5 |      53 |   8.6 |  2216
      Spider:4 |    1481 |   29157 |   4.8 |       6 |      66 |   8.3 |  2282
         Orc:1 |     801 |    4605 |  14.8 |       8 |      47 |  14.5 |  1226
         Orc:2 |     332 |   17561 |   1.9 |       9 |      58 |  13.4 |  1564
         Elf:1 |   13681 |   12132 |  53.0 |      20 |      18 |  52.6 |  1986
         Elf:2 |   10558 |   35724 |  22.8 |      23 |      50 |  31.5 |  3452
         Elf:3 |    6749 |   69255 |   8.9 |      12 |      59 |  16.9 |  3012
      Vaults:1 |    2698 |   43550 |   5.8 |       8 |      66 |  10.8 |  1612
      Depths:1 |    2492 |   20875 |  10.7 |       5 |      41 |  10.9 |  2620
      Depths:2 |    3274 |   11208 |  22.6 |       7 |      10 |  41.2 |   784
    Desolation |       0 |   44571 |   0.0 |       0 |      83 |   0.0 |  1331
               +---------+---------+-------+---------+---------+-------+---------
